 Dungeon Crawl Stone Soup version 0.23-a0-445-g768d57b (webtiles) character file.

14195 Dfrag the Arsonist (level 12, 0/87 (88) HPs)
             Began as a Naga Fire Elementalist on Nov 18, 2018.
             Was a High Priest of Makhleb.
             Slain by a large slime creature (29 damage)
             ... on level 12 of the Dungeon.
             The game lasted 00:31:07 (10906 turns).

Dfrag the Arsonist (Naga Fire Elementalist)        Turns: 10906, Time: 00:31:08

HP:   0/87 (88)     AC: 15    Str: 10    XL:     12   Next: 14%
MP:   11/35         EV: 25    Int: 19    God:    Makhleb [*****.]
Gold: 668           SH:  0    Dex: 14    Spells: 19/32 levels left

rFire    + . .     SeeInvis +   a - staff of conjuration
rCold    . . .     Gourm    .   (no shield)
rNeg     . . .     Faith    .   J - +2 robe {rF+}
rPois    +         Spirit   .   (no helmet)
rElec    .         Reflect  .   i - +0 cloak
rCorr    .         Harm     .   R - +0 pair of gloves
MR       +....                  (no barding)
Stlth    ++........             P - amulet of the acrobat
HPRegen  0.24/turn              b - ring of magical power
MPRegen  0.24/turn              e - +6 ring of protection

@: about to teleport, starving, very slow
A: large, see invisible, deformed body, poison resistance, slowness 2, slow
metabolism 1, spit poison 1, AC +4
a: Spit Poison, Minor Destruction, Lesser Servant of Makhleb, Major Destruction,
Greater Servant of Makhleb, Renounce Religion


You were on level 12 of the Dungeon.
You worshipped Makhleb.
Makhleb was extremely pleased with you.
You were starving.

You visited 2 branches of the dungeon, and saw 13 of its levels.
You also visited: Ossuary and Bailey.

You collected 668 gold pieces.

Inventory:

Hand Weapons
 k - a +2 short sword of venom
 Q - a +1 scimitar of flaming
 Z - a +3 halberd of electrocution
Armour
 i - a +0 cloak (worn)
 J - a +2 robe of fire resistance (worn)
 R - a +0 pair of gloves (worn)
Magical Staves
 a - an uncursed staff of conjuration (weapon)
Jewellery
 b - a ring of magical power (left hand)
 d - an uncursed ring of protection from magic {unknown}
 e - a +6 ring of protection (right hand)
 l - a +3 ring of evasion
 q - a +2 ring of intelligence
 r - an uncursed ring of stealth
 v - an uncursed ring of protection from cold
 I - a +5 ring of protection
 K - a +3 ring of slaying {unknown}
 P - an amulet of the acrobat (around neck)
 V - an uncursed amulet of guardian spirit {unknown}
Wands
 h - a wand of iceblast (12)
 p - a wand of digging (10)
 G - a wand of polymorph (6)
 X - a wand of flame (14)
Scrolls
 g - 9 scrolls of teleportation
 m - 5 scrolls of immolation
 n - a scroll of magic mapping
 o - 8 scrolls of remove curse
 s - 7 scrolls of enchant weapon
 u - 2 scrolls of enchant armour
 y - 3 scrolls of fog {unknown}
 B - 4 scrolls of acquirement {unknown}
 C - a scroll of summoning {unknown}
 F - a scroll of silence {unknown}
 S - a scroll of blinking {unknown}
 U - a scroll of random uselessness {unknown}
Potions
 f - 5 potions of flight
 j - 4 potions of heal wounds
 t - 7 potions of might {unknown}
 w - 4 potions of brilliance {unknown}
 x - 2 potions of agility
 z - 6 potions of curing {unknown}
 A - 2 potions of lignification {unknown}
 D - 5 potions of mutation {unknown}
 E - a potion of ambrosia {unknown}
 L - 3 potions of haste
 M - a potion of cancellation {unknown}
 N - a potion of resistance {unknown}
 O - a potion of invisibility
 T - a potion of magic {unknown}
 Y - 2 potions of berserk rage {unknown}
Comestibles
 c - 21 rations


   Skills:
 - Level 1.5 Dodging
 - Level 3.0 Stealth
 + Level 10.5 Spellcasting
 + Level 11.1 Conjurations
 + Level 11.5 Fire Magic


You had 19 spell levels left.
You knew the following spells:

 Your Spells              Type           Power        Failure   Level  Hunger
a - Flame Tongue          Conj/Fire      #####        1%          1    None
b - Conjure Flame         Conj/Fire      ######..     1%          3    None
c - Sticky Flame          Conj/Fire      ######..     1%          4    ##.....
d - Fireball              Conj/Fire      ######....   1%          5    #####..

Your spell library contained the following spells:

 Spells                   Type           Power        Failure   Level  Hunger
 Throw Flame              Conj/Fire      ######       1%          2    None
 Inner Flame              Hex/Fire       ####....     1%          3    None


Dungeon Overview and Level Annotations

Branches:
Dungeon (12/15)            Temple (1/1) D:5            Lair (0/6) D:9
    Orc (0/2) D:11

Altars:
Ashenzari
Cheibriados
Dithmenos
Elyvilon
Fedhas
Gozag
Hepliaklqana
Kikubaaqudgha
Makhleb
Nemelex Xobeh
Okawaru
Qazlal
Ru
Sif Muna
Trog
Uskayaw
Vehumet
Wu Jian
Xom
Yredelemnul
Zin
The Shining One

Annotations:
D:7 2 transporters, Hrodulf's ghost, novice DrTm


Innate Abilities, Weirdness & Mutations

You cannot wear boots.
Your serpentine skin is tough. (AC +4)
You have supernaturally acute eyesight. (SInv)
Armour fits poorly on your strangely shaped body.
Your system is resistant to poisons. (rPois)
You cover ground very slowly.
You have a slow metabolism.
You can spit poison.


Message History

Confirm with . or Enter, or press ? or * to list all spells.
Aiming: Fireball (safe; 1% risk of failure)
Press: ? - help, Shift-Dir - straight line You feel a surge of power!
The fireball explodes!
The fireball engulfs the large slime creature.
The large slime creature is heavily wounded.
The fireball engulfs the very large slime creature.
The very large slime creature is almost dead.
You are starving!
A very large slime creature splits.
As you read the scroll of teleportation, it crumbles to dust.
You feel strangely unstable.
The large slime creature hits you but does no damage.
The large slime creature hits you!
The slime creature hits you but does no damage.
Unknown command.
Unknown command.
Two slime creatures merge to form a very large slime creature.
The large slime creature hits you!!
You die...

######.....# #.....#
#.....# ##.#### #.#
##.# #..# #####+#
####'####
....(..#####.5.J@..#
.......#...'..J....#
.......'.###.......#
.......### #.......#
....... #.......#
....... #########
.>..... .......
#######


You could see a very large slime creature, a large slime creature and a shadow
imp.

Vanquished Creatures
  Harold (D:7)
  Erica (D:8)
  A two-headed ogre (D:11)
  An unseen horror (D:11)
  Pikel (D:6)
  A centaur zombie (D:12)
  2 trolls
  Grinder (D:5)
  3 hippogriffs
  A wyvern (D:7)
  13 yaks
  2 hungry ghosts
  Edmund (D:6)
  Duvessa (D:7)
  6 orc warriors
  3 ice beasts
  A slave (D:6)
  2 necrophages
  A black bear (D:6)
  2 sky beasts
  9 ogres
  2 phantoms
  3 wolves (D:9)
  2 centaurs
  A big kobold (D:10)
  6 bullfrogs
  A gnoll sergeant (D:8)
  Dowan (D:7)
  2 wyvern skeletons
  6 scorpions
  7 killer bees
  3 wights (D:10)
  3 electric eels (D:9)
  4 howler monkeys
  9 crimson imps
  A bullfrog zombie (D:6)
  5 jellies
  A bullfrog skeleton (D:7)
  3 centaur skeletons
  7 hounds
  8 orc priests
  10 orc wizards
  4 iguanas
  13 worker ants
  A killer bee zombie (D:6)
  3 big kobold zombies (Ossuary)
  A howler monkey zombie (D:11)
  A mummy (Ossuary)
  4 worker ant zombies
  18 gnolls
  13 adders
  4 shadow imps
  7 oozes
  3 worms (D:2)
  3 dart slugs
  7 leopard geckos
  46 orcs
  5 spectral bats (Ossuary)
  2 ball pythons
  7 giant cockroaches
  3 gnoll zombies (Ossuary)
  9 goblins
  16 hobgoblins
  18 jackals
  21 kobolds
  4 quokkas
  5 bats
  5 frilled lizards
  4 goblin zombies (Ossuary)
  3 hobgoblin zombies (Ossuary)
  A kobold zombie (Ossuary)
  4 rats
  5 spectral goblins (Ossuary)
  4 spectral kobolds (Ossuary)
  3 spectral rats (Ossuary)
386 creatures vanquished.

Vanquished Creatures (others)
  A big kobold zombie (Ossuary)
  A kobold zombie (Ossuary)
  3 orc zombies (Ossuary)
5 creatures vanquished.

Grand Total: 391 creatures vanquished

Notes
Turn   | Place    | Note
-------+----------+-------------------------------------------
     0 | D:1      | Dfrag the Naga Fire Elementalist began the quest for the
                  | Orb.
     0 | D:1      | Reached XP level 1. HP: 15/15 MP: 3/3
    62 | D:1      | Reached XP level 2. HP: 22/22 MP: 5/5
   376 | D:1      | Reached XP level 3. HP: 28/28 MP: 6/6
  1049 | D:2      | Reached XP level 4. HP: 33/36 MP: 8/8
  1054 | D:2      | Learned a level 3 spell: Conjure Flame
  1059 | D:2      | Learned a level 4 spell: Sticky Flame
  1724 | D:3      | Reached XP level 5. HP: 42/42 MP: 9/9
  2034 | D:3      | Found a hide-covered altar of Uskayaw.
  2051 | D:3      | Found a snail-covered altar of Cheibriados.
  2170 | D:3      | Found a glowing silver altar of Zin.
  2184 | D:3      | Found a hazy altar of Hepliaklqana.
  2399 | D:4      | Reached XP level 6. HP: 32/49 MP: 11/11
  2462 | D:4      | Found a sand-covered staircase.
  2471 | Ossuary  | Entered an ossuary
  3165 | D:4      | Learned a level 5 spell: Fireball
  3336 | D:4      | Reached skill level 5 in Fire Magic
  3336 | D:4      | Reached XP level 7. HP: 43/55 MP: 13/13
  3853 | D:5      | Entered Level 5 of the Dungeon
  3863 | D:5      | Found a staircase to the Ecumenical Temple.
  3910 | Temple   | Entered the Ecumenical Temple
  4004 | Temple   | Became a worshipper of Makhleb the Destroyer
  4103 | D:5      | Reached skill level 5 in Spellcasting
  4103 | D:5      | Reached skill level 5 in Conjurations
  4103 | D:5      | Reached XP level 8. HP: 33/62 MP: 8/15
  4312 | D:5      | Noticed Grinder
  4326 | D:5      | Killed Grinder
  4463 | D:5      | Found an ornate altar of the Wu Jian Council.
  4787 | D:6      | Reached XP level 9. HP: 63/68 MP: 18/18
  4800 | D:6      | Reached * piety under Makhleb
  4880 | D:6      | Noticed Edmund
  4898 | D:6      | Killed Edmund
  5302 | D:6      | Noticed Pikel
  5322 | D:6      | Killed Pikel
  5715 | D:7      | Noticed Harold
  5795 | D:7      | Noticed Duvessa
  5795 | D:7      | Noticed Dowan
  5822 | D:7      | Killed Duvessa
  5822 | D:7      | Reached XP level 10. HP: 75/75 MP: 21/21
  5832 | D:7      | Killed Dowan
  6046 | D:7      | Reached ** piety under Makhleb
  6189 | D:7      | Found a transporter.
  6189 | D:7      | Noticed Hrodulf's ghost (novice DrTm)
  6202 | D:7      | Found a transporter.
  6242 | D:7      | Killed Harold
  7338 | D:8      | Noticed Erica
  7345 | D:8      | Killed Erica
  7614 | D:9      | Reached XP level 11. HP: 80/80 MP: 24/24
  7648 | D:9      | Reached skill level 10 in Fire Magic
  7841 | D:9      | Reached *** piety under Makhleb
  7982 | D:9      | Found a staircase to the Lair.
  8131 | D:9      | Reached skill level 10 in Conjurations
  8462 | D:9      | Found an opulent altar of Gozag.
  8554 | D:10     | Entered Level 10 of the Dungeon
  8626 | D:10     | Found a flagged portal.
  8701 | Bailey   | Entered a bailey
  8935 | Bailey   | Reached **** piety under Makhleb
  9410 | D:10     | Reached skill level 10 in Spellcasting
  9911 | D:11     | Noticed a two-headed ogre
  9917 | D:11     | Reached ***** piety under Makhleb
  9918 | D:11     | Killed a two-headed ogre
 10254 | D:11     | Found a staircase to the Orcish Mines.
 10280 | D:11     | Reached XP level 12. HP: 87/87 MP: 21/26
 10906 | D:12     | Slain by a large slime creature

Vault maps used:
D:1:      dpeg_arrival_central
D:2:      mumra_celtic_spiral_tile
D:3:      nicolae_overflow_quartered_altars
D:4:      lightli_ossuary_entry_decrepit_ruins
D:5:      kennysheep_mini_moat, minmay_temple_entry_tees, first_ration,
          uniq_grinder
D:6:      minmay_hedge_maze, minmay_misc_feat_doors, uniq_pikel, uniq_edmund
D:7:      minmay_bubble_buster, gammafunk_ghost_smash, uniq_harold, uniq_duvessa
D:8:      uniq_erica
D:9:      kennysheep_little_box, erik_lair_island,
          hangedman_little_slice_of_home, dk_noncrumbling_2
D:10:     enter_bailey_6, grunt_ministairs_10
D:11:     orc_0_dummy
D:12:     serial_shops, nicolae_shop_crystal, stair_cage_cross
Temple:   eino_temple_rhombus
Ossuary:  ossuary_zaba_two_paths
Bailey:   bailey_axe_2, bailey

Skill      XL: |  1  2  3  4  5  6  7  8  9 10 11 12 |
---------------+-------------------------------------+-----
Conjurations   | 2 3 4 5 6 8 9 10 11 | 11.1
Spellcasting   | 3 4 5 6 7 9 10 | 10.5
Fire Magic     | 4 5 7 8 9 11 | 11.5
Dodging        | |  1.5
Stealth        | |  3.0

Action                   |  1- 3 |  4- 6 |  7- 9 | 10-12 || total
-------------------------+-------+-------+-------+-------++-------
Melee: Short sword       |    20 |   233 |   110 |   198 ||   561
       Unarmed           |     2 |       |       |    17 ||    19
       Flail             |       |       |       |    12 ||    12
       Scimitar          |       |       |       |     6 ||     6
       Staff             |       |       |       |   112 ||   112
       Halberd           |       |       |       |    39 ||    39
 Cast: Flame Tongue      |    35 |    45 |    83 |   158 ||   321
       Sticky Flame      |       |    10 |    38 |    92 ||   140
       Conjure Flame     |       |       |     2 |       ||     2
       Fireball          |       |       |       |    36 ||    36
 Abil: Spit Poison       |    16 |     6 |    14 |    16 ||    52
Evoke: Wand              |       |       |       |     7 ||     7
  Use: Scroll            |       |     2 |     8 |     3 ||    13
       Potion            |       |     2 |       |       ||     2
 Stab: Sleeping          |     1 |     3 |     1 |     3 ||     8
       Distracted        |       |     1 |       |       ||     1
  Eat: Chunk             |     1 |    11 |    14 |    32 ||    58
       Ration            |       |       |       |     2 ||     2
Armor: Robe              |    24 |   193 |    99 |   282 ||   598
Dodge: Dodged            |    26 |   178 |    94 |   347 ||   645
       Rpst.: Scimitar   |       |       |       |     3 ||     3

Table legend:
 A = Non-vault XP
 B = Vault XP
 C = Vault XP percentage of total XP
 D = Non-vault monster count
 E = Vault monster count
 F = Vault count percentage of total count
                 A         B        C        D         E       F
            +---------+---------+-------+---------+---------+-------
      Total |   15093 |    5186 |  25.6 |     281 |     103 |  26.8
            +---------+---------+-------+---------+---------+-------
        D:1 |      46 |       0 |   0.0 |      25 |       0 |   0.0
        D:2 |     102 |       0 |   0.0 |      26 |       0 |   0.0
        D:3 |      69 |       0 |   0.0 |      19 |       0 |   0.0
        D:4 |     436 |       0 |   0.0 |      29 |       0 |   0.0
        D:5 |     683 |     272 |  28.5 |      16 |       1 |   5.9
        D:6 |    1618 |     829 |  33.9 |      30 |       2 |   6.2
        D:7 |    1143 |    1598 |  58.3 |      20 |      13 |  39.4
        D:8 |    1315 |     912 |  41.0 |      26 |       1 |   3.7
        D:9 |    2926 |     921 |  23.9 |      28 |      14 |  33.3
       D:10 |    2826 |     155 |   5.2 |      31 |       7 |  18.4
       D:11 |    3060 |       0 |   0.0 |      29 |       0 |   0.0
       D:12 |     869 |       0 |   0.0 |       2 |       0 |   0.0
    Ossuary |       0 |     148 | 100.0 |       0 |      31 | 100.0
     Bailey |       0 |     351 | 100.0 |       0 |      34 | 100.0
            +---------+---------+-------+---------+---------+-------
